 Dungeon Crawl Stone Soup version 0.31-a0-667-g39726597b9 (webtiles) character file.

Game seed: 12622446721585240012

107 bjtr the Digger (level 4, -1/24 HPs)
             Began as a Gargoyle Earth Elementalist on Sept 4, 2023.
             Slain by a gnoll sergeant
             ... wielding a +0 spear
              (2 damage)
             ... on level 3 of the Dungeon.
             The game lasted 00:07:23 (1857 turns).

bjtr the Digger (Gargoyle Earth Elementalist)       Turns: 1857, Time: 00:07:24

Health: -1/24      AC:  7    Str: 12    XL:     4   Next: 85%
Magic:  2/8        EV: 11    Int: 17    God:
Gold:   109        SH:  0    Dex: 10    Spells: 3/9 levels left

rFire   . . .        p - +0 trident
rCold   . . .        (no shield)
rNeg    + . .        d - +0 leather armour
rPois   ∞            (no helmet)
rElec   +            (no cloak)
rCorr   .            (no gloves)
SInv    .            h - +0 pair of boots
Will    .....        (no amulet)
Stlth   ++           n - ring of flight
HPRegen 0.24/turn    (no ring)
MPRegen 0.11/turn

%: no passive effects
@: flying
A: sickness immunity, AC +3, negative energy resistance 1, electricity
resistance, torment resistance 1, petrification resistance
a: no special abilities


You were on level 3 of the Dungeon.
You visited 1 branch of the dungeon, and saw 3 of its levels.

You collected 129 gold pieces.
You spent 20 gold pieces at shops.

Inventory:

Hand Weapons
 c - a +0 club
 f - a +0 whip
 p - a +0 trident (weapon)
Armour
 a - a +0 robe
 d - a +0 leather armour (worn)
 h - a +0 pair of boots (worn)
Jewellery
 n - a ring of flight (left hand)
Wands
 l - a wand of roots (9)
Scrolls
 e - 3 scrolls of identify
 g - a scroll of fear {unknown}
Potions
 b - a potion of magic
 i - 2 potions of lignification {unknown}
 j - a potion of brilliance {unknown}
 k - a potion of might {unknown}
 m - 2 potions of curing {unknown}
 o - a potion of ambrosia {unknown}


   Skills:
 + Level 0.3 Fighting
 - Level 1.5 Dodging
 - Level 2.1 Stealth
 + Level 3.3 Spellcasting
 - Level 0.7 Transmutations
 + Level 5.3 Earth Magic


You had 3 spell levels left.
You knew the following spells:

 Your Spells              Type           Power      Damage    Failure   Level
a - Sandblast             Erth           42%        2d11      2%          1
b - Passwall              Tmut/Erth      10%        N/A       10%         2
c - Stone Arrow           Conj/Erth      22%        3d8       22%         3

Your spell library contained the following spells:

 Spells                   Type           Power      Damage    Failure   Level
 Petrify                  Tmut/Erth      13%        N/A       52%         4


Dungeon Overview and Level Annotations

Branches:
Dungeon (3/15)

Altars:

Shops:
D:1 *


Innate Abilities, Weirdness & Mutations

You are immune to sickness and miasma.
Your stone body is resilient. (AC +3)
You are immune to poison.
You resist negative energy. (rN+)
You are resistant to electric shocks. (rElec)
You are resistant to unholy torment.
You are immune to petrification.


Message History

Aim: a gnoll, wielding a +0 whip (85% to hit)
The blast of sand misses the gnoll.
Unknown command.
Casting: Sandblast (safe; 2% risk of failure)
Confirm with . or Enter, or press ? or * to list all spells.
Aiming: Sandblast (safe; 2% risk of failure)
Press: ? - help, Shift-Dir - straight line, f - gnoll sergeant, p - gnoll
Aim: a gnoll sergeant, wielding a +0 spear and wearing a +0 scale mail (87% to hit)
The blast of sand hits the gnoll!
You kill the gnoll!
The gnoll sergeant barely misses you.
Casting: Sandblast (safe; 2% risk of failure)
Confirm with . or Enter, or press ? or * to list all spells.
Aiming: Sandblast (safe; 2% risk of failure)
Press: ? - help, Shift-Dir - straight line, f/p - gnoll sergeant
Aim: a gnoll sergeant, wielding a +0 spear and wearing a +0 scale mail (87% to hit)
The blast of sand hits the gnoll sergeant but does no damage.
The gnoll sergeant barely misses you. x2
Unknown command.
Casting: Sandblast (safe; 2% risk of failure)
Confirm with . or Enter, or press ? or * to list all spells.
Aiming: Sandblast (safe; 2% risk of failure)
Press: ? - help, Shift-Dir - straight line, f/p - gnoll sergeant
Aim: a gnoll sergeant, wielding a +0 spear and wearing a +0 scale mail (87% to hit)
The blast of sand hits the gnoll sergeant but does no damage.
The gnoll sergeant hits you from afar with a +0 spear.
Unknown command.
Casting: Sandblast (safe; 2% risk of failure)
Confirm with . or Enter, or press ? or * to list all spells.
Aiming: Sandblast (safe; 2% risk of failure)
Press: ? - help, Shift-Dir - straight line, f/p - gnoll sergeant
Aim: a gnoll sergeant, wielding a +0 spear and wearing a +0 scale mail (87% to hit)
The blast of sand hits the gnoll.
The gnoll is moderately wounded.
The gnoll sergeant hits you from afar with a +0 spear!
* * * LOW HITPOINT WARNING * * *
The gnoll hits you with a +1 whip of venom.
* * * LOW HITPOINT WARNING * * *
The gnoll sergeant hits you from afar with a +0 spear.
You die...

##########.########.###
#...................#..
......g.g.o....#### #.#
#############..# #.# .
#..# ####.# ## #..#
#....# #
.#####.g###....####..#
........g.#...........
.####.#.#@#.....###.##.
#.#.#...##........
....###..#.####.###
....................
.....#.......>.......
...........†...#<##...
.....#........#...
#........# ##.#
#........# #


You could see a gnoll sergeant and a gnoll.

Vanquished Creatures
  2 gnolls (D:3)
  2 adders (D:2)
  3 worms (D:2)
  2 dart slugs
  An orc (D:3)
  5 ball pythons
  2 bats (D:2)
  9 endoplasms
  A giant cockroach (D:2)
  4 goblins
  5 hobgoblins
  3 jackals (D:2)
  2 quokkas
  4 frilled lizards
  3 kobolds
  5 rats (D:2)
53 creatures vanquished.

Notes
Turn   | Place    | Note
-------+----------+-------------------------------------------
     0 | D:1      | bjtr the Gargoyle Earth Elementalist began the quest for
                  | the Orb.
     0 | D:1      | Reached XP level 1. HP: 10/10 MP: 3/3
   148 | D:1      | Found Huimaw's General Store.
   155 | D:1      | Reached skill level 4 in Earth Magic
   159 | D:1      | Reached XP level 2. HP: 15/15 MP: 1/5
   698 | D:1      | Bought a scroll of identify for 20 gold pieces
   740 | D:2      | Reached XP level 3. HP: 11/19 MP: 3/6
   806 | D:1      | Learned a level 2 spell: Passwall
   810 | D:1      | Learned a level 3 spell: Stone Arrow
  1130 | D:2      | Reached skill level 5 in Earth Magic
  1134 | D:2      | Reached XP level 4. HP: 24/24 MP: 5/8
  1821 | D:3      | Noticed a gnoll sergeant
  1857 | D:3      | HP: 1/24 [gnoll/+1 whip of venom[a gnoll sergeant] (5)]
  1857 | D:3      | Slain by a gnoll sergeant

Illustrated notes

Levels and vault maps discovered:
D:1:      minmay_arrival_open_corners, layout_basic, serial_shops, shop
D:2:      layout_rooms
D:3:      layout_basic, grunt_temple_overflow_diamond

Skill      XL: |  1  2  3  4 |
---------------+-------------+-----
Earth Magic    | 4 5 |  5.3
Spellcasting   | 3 |  3.3
Fighting       | |  0.3
Dodging        | |  1.5
Stealth        | |  2.1
Transmutations | |  0.7

Action                     |  1- 3 |  4- 6 || total
---------------------------+-------+-------++-------
  Melee: Whip              |    13 |    18 ||    31
         Club              |     5 |       ||     5
         Trident           |       |     4 ||     4
         Punch             |       |     1 ||     1
   Cast: Sandblast         |    50 |    25 ||    75
   Stab: Sleeping          |     1 |       ||     1
 Armour: Robe              |     2 |       ||     2
         Leather armour    |    16 |    42 ||    58
  Dodge: Dodged            |    20 |    24 ||    44

Table legend: (Time is in decaauts)
 A = Elapsed time spent in this place.
 B = Non-inter-level travel time spent in this place.
 C = Inter-level travel time spent in this place.
 D = Time resting spent in this place.
 E = Time spent auto-exploring this place.
 F = Levels seen in this place.
 G = Mean time per level.
                   A        B        C        D        E       F      G
               +--------+--------+--------+--------+--------+-----+--------+
         Total |   1898 |   1801 |     97 |    116 |   1244 |   3 |  632.7 |
       Dungeon |   1898 |   1801 |     97 |    116 |   1244 |   3 |  632.7 |
               +--------+--------+--------+--------+--------+-----+--------+

Top non-repeatable levels by time:
     D:1: 792 daAuts
     D:2: 758 daAuts
     D:3: 347 daAuts
